Map: Orbital Shipyard

Players

AcerBly (Bly)

  • Race: Zerg Zerg
  • League: Master

Beastyqt - Winner!

  • Race: Terran Terran
  • League: Diamond

Event: ASL Season 5 Prime League LOTV Beta

VOD

Have the link to the VOD?

Description

Time

  • Played on: Sept. 4, 2015, 8:45 p.m.
  • Length: 24:38

All games in this series

Show
View Real Time Build Order
Export as new Build Order

AcerBly Zerg 

Build Orders: Hatch First, Muta Ling Bane 

Get SALT Encoding   

  12  0:01  Drone  
  13  0:12  Overlord  
  13  0:18  Drone  
  14  0:28  Extractor  
  14  0:29  Drone  
  14  0:33  Drone  
  16  0:40  Drone  
  17  0:54  Hatchery  
  16  0:58  Drone  
  16  0:59  Drone  
  18  1:05  Extractor  
  17  1:15  Spawning Pool  
  16  1:20  Drone  
  16  1:22  Drone  
  18  1:30  Drone  
  19  1:40  Drone  
  20  1:49  Overlord  
  20  2:02  Queen  
  20  2:08  Queen  
  24  2:10  Metabolic Boost  
  24  2:17  Zergling x2  
  24  2:18  Zergling x2  
  24  2:20  Drone x2  
  28  2:33  Hatchery  
  27  2:38  Drone x2  
  29  2:49  Queen  
  33  3:01  Overlord  
  31  3:06  Drone x3  
  34  3:13  Drone x2  
  34  3:15  Overlord x2  
  36  3:32  Overlord  
  36  3:33  Zergling x8  
  36  3:34  Zergling x2  
  41  3:50  Overlord  
  40  4:06  Overlord  
  40  4:08  Drone x4  
  40  4:09  Roach Warren  
  43  4:11  Drone x5  
  43  4:13  Queen  
  49  4:52  Drone x5, Extractor  
  54  4:53  Drone x6  
  54  4:54  Extractor  
  58  5:04  Drone x2  
  58  5:05  Drone x6  
  66  5:08  Lair  
  66  5:16  Overlord  
  66  5:21  Evolution Chamber  
  66  5:22  Extractor  
  66  5:23  Evolution Chamber  
  66  5:26  Drone x7  
  70  5:29  Overlord  
  70  5:37  Roach x4  
  70  5:38  Roach x2  
  79  5:57  Zerg Melee Weapons Level 1  
  79  5:58  Zerg Ground Armor Level 1  
  79  6:00  Drone x8  
  79  6:01  Drone x3  
  90  6:05  Hatchery  
  90  6:09  Glial Reconstitution  
  89  6:12  Baneling Nest  
  88  6:27  Extractor  
  88  6:28  Extractor, Zergling x8  
  88  6:29  Overlord  
  88  6:30  Overlord x7  
  90  6:35  Spire  
  90  6:37  Overlord  
  89  6:41  Pneumatized Carapace  
  89  6:43  Overlord  
  88  7:04  Zergling x2  
  88  7:05  Zergling x28  
  103  7:09  Baneling x3  
  103  7:10  Baneling  
  103  7:11  Baneling x7  
  103  7:16  Hatchery  
  103  7:17  Centrifical Hooks  
  102  7:23  Overseer  
  99  7:47  Mutalisk x7  
  99  7:49  Drone x5  
  99  7:50  Drone x6  
  121  8:17  Mutalisk, Extractor x2  
  121  8:18  Mutalisk x3  
  127  8:22  Zergling x20  
  127  8:23  Overlord  
  127  8:25  Overlord  
  136  8:39  Mutalisk x2  
  138  8:44  Infestation Pit  
  138  8:45  Roach x9  
  154  8:56  Mutalisk x2  
  158  9:07  Drone x8, Spore Crawler x2  
  158  9:08  Overlord  
  164  9:10  Baneling x9  
  164  9:11  Overlord, Baneling x4  
  137  9:34  Zergling x2  
  137  9:35  Zergling x38  
  150  9:45  Zergling x2  
  150  9:46  Zergling x12  
  150  9:51  Hive  
  150  9:52  Zerg Ground Armor Level 2  
  157  9:54  Zerg Melee Weapons Level 2  
  157  9:57  Queen  
  158  10:05  Overlord  
  157  10:09  Zergling x2  
  157  10:10  Zergling x22  
  157  10:12  Overseer  
  169  10:19  Extractor  
  169  10:20  Drone  
  169  10:32  Baneling  
  169  10:33  Baneling x14  
  165  10:49  Spine Crawler x2  
  141  11:04  Zergling x20  
  141  11:08  Ultralisk Cavern  
  141  11:10  Extractor  
  138  11:29  Zergling x24  
  138  11:30  Zergling x34  
  154  11:33  Baneling x7  
  154  11:34  Baneling x3  
  154  11:48  Adrenal Glands  
  154  11:58  Chitinous Plating  
  154  11:59  Ultralisk  
  154  12:00  Ultralisk  
  154  12:01  Infestor x2  
  165  12:02  Hatchery  
  168  12:15  Hatchery  
  142  12:43  Ultralisk x5  
  172  12:56  Drone x10  
  178  13:10  Ultralisk  
  184  13:16  Baneling x12  
  184  13:25  Greater Spire  
  184  13:26  Zerg Ground Armor Level 3  
  184  13:28  Zerg Melee Weapons Level 3  
  184  13:40  Baneling x3  
  195  13:48  Ultralisk x2  
  194  14:08  Corruptor  
  194  14:09  Corruptor x6  
  184  14:27  Corruptor x3  
  184  14:28  Corruptor  
  192  14:38  Corruptor x2  
  187  14:40  Corruptor  
  187  14:42  Zergling x18  
  184  15:10  Zergling x2  
  184  15:11  Zergling x20  
  177  15:21  Viper x2  
  177  15:22  Viper, Corruptor  
  177  15:27  Zergling x2  
  177  15:28  Zergling x20  
  190  16:01  Extractor  
  190  16:03  Extractor  
  167  16:15  Corruptor x6  
  161  16:32  Brood Lord  
  163  16:33  Brood Lord  
  163  16:34  Brood Lord x2  
  163  16:36  Brood Lord  
  170  16:46  Zergling x14  
  170  16:47  Zergling x28  
  184  17:06  Corruptor x5  
  171  17:17  Ultralisk x2  
  175  17:24  Hatchery  
  175  17:27  Overseer  
  174  17:42  Ultralisk  
  173  18:07  Extractor  
  173  18:10  Infestor x2  
  166  18:32  Hatchery  
  142  18:36  Infestor x3  
  79  20:18  Hatchery  
  77  20:22  Viper  
  80  20:39  Infestor  
  71  21:33  Infestor  
  73  21:44  Drone  
  73  21:45  Drone x3  
  77  22:14  Extractor  
  77  22:15  Drone x4  
  80  22:16  Spawning Pool, Extractor  
  78  22:35  Infestor  
  71  22:49  Drone x2  
  66  23:02  Drone  
  66  23:03  Drone x3  
  60  23:26  Drone x2  
  62  23:51  Spore Crawler  
  54  24:23  Drone x4  
Show
View Real Time Build Order
Export as new Build Order

Beastyqt Terran - Winner!

Build Orders: Bio Mine 

Get SALT Encoding   

  12  0:02  SCV  
  13  0:14  SCV  
  14  0:19  Supply Depot  
  14  0:26  SCV  
  15  0:41  SCV  
  15  0:42  Barracks  
  16  0:45  Refinery  
  16  0:53  SCV  
  17  1:05  SCV  
  18  1:17  SCV  
  19  1:30  Orbital Command  
  19  1:31  Barracks Reactor  
  19  1:42  Command Center  
  19  1:54  Supply Depot  
  19  1:56  SCV  
  20  2:08  SCV, Reaper x2  
  23  2:20  SCV  
  24  2:34  SCV  
  25  2:41  Reaper  
  25  2:42  Command Center, Reaper  
  27  2:48  SCV  
  27  2:56  Barracks  
  27  2:57  Orbital Command  
  27  3:02  SCV  
  28  3:12  Barracks  
  28  3:15  Reaper  
  28  3:17  SCV  
  28  3:18  Reaper  
  31  3:25  SCV  
  32  3:29  SCV, Refinery  
  33  3:37  SCV  
  34  3:41  SCV  
  34  3:49  SCV  
  34  3:50  Marine x2  
  34  3:53  SCV  
  38  4:01  SCV  
  39  4:04  Barracks Tech Lab, Marine  
  39  4:05  SCV  
  39  4:09  Orbital Command  
  41  4:11  Marine x2  
  41  4:13  Supply Depot, SCV  
  44  4:17  SCV  
  44  4:18  Factory  
  44  4:24  Marine x2  
  46  4:25  SCV, Stimpack  
  46  4:29  Marine x2  
  46  4:30  SCV  
  51  4:35  Supply Depot  
  51  4:37  SCV  
  52  4:38  Supply Depot  
  52  4:39  SCV  
  52  4:41  Marine  
  52  4:42  SCV, Marine  
  56  4:47  Marine  
  56  4:49  SCV  
  56  4:51  SCV, Refinery, Marine  
  56  4:52  Refinery  
  60  4:54  SCV  
  60  4:59  Marine  
  62  5:01  SCV, Bunker  
  62  5:02  Bunker x2  
  62  5:03  SCV  
  62  5:04  Barracks Reactor  
  62  5:05  Marine  
  62  5:06  SCV  
  66  5:09  Starport, Factory Reactor  
  66  5:13  SCV, Marine  
  68  5:15  SCV  
  68  5:17  Marine  
  68  5:18  SCV  
  71  5:26  SCV, Engineering Bay  
  71  5:27  SCV  
  71  5:28  Engineering Bay, Marine  
  73  5:31  Marine  
  73  5:33  SCV  
  76  5:36  Marauder  
  76  5:38  SCV  
  76  5:39  SCV  
  80  5:44  Marine x2  
  80  5:45  SCV  
  80  5:46  Marine  
  80  5:48  Marine  
  85  5:51  Supply Depot  
  85  5:52  SCV  
  85  5:54  Supply Depot, SCV  
  85  5:58  Supply Depot x2, Factory Tech Lab  
  85  6:01  SCV, Medivac x2, Marine  
  91  6:04  SCV  
  91  6:07  Terran Infantry Weapons Level 1, Terran Infantry Armor Level 1  
  91  6:10  Marine  
  93  6:13  SCV, Marine x2  
  93  6:14  Marine  
  98  6:18  SCV  
  98  6:19  Marauder  
  98  6:23  Siege Tank  
  103  6:28  Marine  
  103  6:29  Barracks  
  103  6:30  Barracks  
  103  6:31  Marine  
  104  6:36  Medivac x2  
  108  6:43  SCV  
  109  6:47  SCV x2  
  109  6:50  Combat Shields, Marauder, Marine x4  
  109  6:54  Barracks  
  117  6:55  SCV  
  117  6:56  Command Center  
  117  6:59  SCV, Siege Tank  
  117  7:01  SCV, Refinery x2  
  123  7:04  Armory  
  123  7:05  Missile Turret  
  123  7:08  Marine  
  123  7:09  Supply Depot  
  124  7:18  Barracks Reactor  
  124  7:20  Supply Depot  
  124  7:24  Supply Depot, SCV  
  124  7:26  Medivac  
  118  7:33  Barracks Reactor  
  113  7:37  Missile Turret  
  113  7:39  Supply Depot  
  113  7:40  Marauder, Marine x2  
  113  7:41  Siege Tank, Marine  
  113  7:42  Marine  
  123  7:53  Barracks Tech Lab  
  123  7:56  Medivac  
  123  7:57  Marine  
  123  7:58  Marine  
  126  7:59  Marine x2  
  126  8:00  Command Center  
  126  8:01  Factory, Marine  
  126  8:03  Medivac  
  130  8:16  Marine x4  
  130  8:17  Marine x5  
  130  8:18  Siege Tank  
  130  8:19  Marine  
  143  8:20  Command Center  
  143  8:30  Missile Turret  
  143  8:32  Missile Turret  
  143  8:33  Sensor Tower  
  143  8:34  Marine x6  
  143  8:35  Marine x3  
  143  8:37  Marine  
  143  8:38  Planetary Fortress  
  152  8:42  Terran Vehicle And Ship Armor Level 1  
  152  8:43  Terran Infantry Weapons Level 2  
  152  8:46  Terran Infantry Armor Level 2  
  151  8:52  Marine x6  
  148  8:56  SCV x2  
  148  8:58  Factory Tech Lab  
  150  9:03  Factory Reactor  
  150  9:07  Widow Mine  
  152  9:10  Drilling Claws  
  152  9:12  Marine x2  
  152  9:13  Marine x2  
  152  9:16  Missile Turret, Marine x2  
  158  9:18  Missile Turret  
  158  9:20  Marine x2  
  160  9:28  Medivac x2  
  160  9:29  Marine x2  
  160  9:30  Marine  
  160  9:31  Marine x2  
  148  9:32  Marine  
  148  9:33  Marine  
  148  9:35  Widow Mine, Marine  
  148  9:38  Marine, Orbital Command  
  142  9:39  Command Center  
  142  9:41  Marine  
  142  9:42  Widow Mine x2  
  142  9:46  Marine  
  142  9:49  Marine x2  
  143  9:53  Marine x3  
  143  9:57  SCV  
  143  9:58  Refinery x2, Medivac x2  
  149  10:00  Marine x3  
  149  10:01  Marauder  
  149  10:04  Thor, Marine  
  157  10:07  Marine x2  
  157  10:11  Marine, Widow Mine x2  
  164  10:17  Marine x2  
  164  10:18  Marine  
  164  10:21  Factory  
  167  10:28  Armory  
  167  10:36  Terran Vehicle Weapons Level 1, Starport, Marine x3  
  167  10:37  Starport  
  167  10:39  Marine x2, Widow Mine  
  167  10:42  Marine x2  
  173  10:45  Planetary Fortress  
  173  10:47  SCV  
  174  10:55  Thor  
  150  11:01  Marine x3  
  150  11:02  Marauder, Marine  
  150  11:03  Widow Mine  
  158  11:05  Medivac x2  
  158  11:08  Marine, Widow Mine  
  158  11:10  Terran Infantry Weapons Level 3  
  148  11:11  SCV x2  
  148  11:12  SCV  
  148  11:17  Marine x2  
  153  11:20  Orbital Command  
  153  11:23  Marine x2  
  149  11:25  Marine  
  149  11:26  Marine  
  149  11:28  Marine  
  149  11:30  Factory Reactor  
  149  11:31  Starport Reactor  
  149  11:32  Starport Reactor  
  147  11:33  Starport Tech Lab  
  147  11:35  Marine x2  
  149  11:43  Terran Ship Weapons Level 1  
  149  11:47  Thor, Missile Turret x2, Widow Mine x2  
  149  11:48  Missile Turret  
  149  11:49  Marauder x2, Missile Turret, Marine x3  
  166  11:54  Liberator  
  166  11:58  Terran Infantry Armor Level 3  
  166  11:59  Marine x2  
  165  12:10  Widow Mine x2  
  165  12:11  Marauder x2  
  165  12:14  Marine x2  
  165  12:15  Widow Mine  
  178  12:17  Liberator x2, Marine x3  
  177  12:26  Widow Mine  
  177  12:29  Widow Mine  
  141  12:33  Marauder x2, Refinery, Marine  
  141  12:34  Refinery  
  141  12:35  Command Center  
  141  12:36  Marine  
  144  12:43  Barracks x2  
  144  12:46  Barracks  
  144  12:48  Liberator  
  144  12:50  Terran Vehicle And Ship Armor Level 2  
  142  12:55  Marauder x2  
  142  13:03  Widow Mine x2  
  142  13:04  Command Center  
  149  13:06  Command Center  
  149  13:08  High Capacity Fuel Tanks  
  149  13:13  Liberator  
  149  13:14  Liberator  
  149  13:21  Sensor Tower  
  149  13:22  Missile Turret  
  149  13:23  Marine x2  
  149  13:24  Marine x6, Marauder x2  
  168  13:41  Marine x2  
  168  13:42  Marine x4  
  168  13:45  Viking x2  
  168  13:46  Marauder x2  
  168  13:48  Barracks Tech Lab x2  
  179  13:49  Barracks Tech Lab  
  172  14:04  Marine x2  
  172  14:07  Marauder  
  172  14:08  Marine x2, Marauder  
  176  14:10  Marine x2  
  161  14:25  Marine x2  
  161  14:26  Marauder x2  
  161  14:30  Liberator x2  
  161  14:31  Marine  
  167  14:33  Widow Mine x2  
  167  14:35  Marine  
  167  14:36  Marauder  
  169  14:39  Marine x2  
  169  14:40  Marauder x2  
  169  14:45  Marine  
  172  14:47  Marauder x2  
  172  14:50  Marine  
  183  14:55  Marine x2  
  183  14:56  Marine x2  
  183  14:57  Marauder  
  183  14:58  Marine x2  
  182  15:01  Marauder, Marine  
  185  15:12  Marine  
  185  15:13  Marauder x2, Marine  
  185  15:14  Marine x3  
  190  15:16  Marine x2  
  190  15:19  Marine x2  
  182  15:25  Viking x2  
  182  15:26  Medivac  
  182  15:27  Planetary Fortress  
  188  15:30  Medivac  
  190  15:36  Planetary Fortress  
  190  15:41  Medivac  
  186  15:42  Terran Ship Weapons Level 2  
  186  15:44  Terran Vehicle And Ship Armor Level 3  
  186  15:55  Medivac  
  186  15:57  Liberator x2  
  172  16:11  Widow Mine, Marauder x5  
  172  16:13  Medivac x2  
  172  16:15  Marine x2  
  172  16:16  Marine  
  189  16:22  Marine x3  
  189  16:23  Marine  
  189  16:32  Marauder  
  191  16:33  Marine  
  191  16:34  Marauder x2  
  191  16:37  Marine x3  
  191  16:38  Marine  
  200  16:45  Orbital Command  
  200  16:52  Liberator  
  200  17:04  Marine  
  200  17:07  Widow Mine x2, Marine x2  
  199  17:12  Marine  
  195  17:17  Marine x3  
  195  17:27  Viking x3  
  195  17:28  Viking  
  190  17:52  Medivac  
  190  17:57  Medivac  
  190  18:00  Marine  
  190  18:01  Marauder  
  186  18:05  Marine  
  186  18:06  Marine x2  
  186  18:07  Marine x2  
  190  18:15  Marine  
  188  18:24  Marine x2  
  188  18:27  Marine x2  
  188  18:30  Widow Mine x2  
  188  18:31  Viking x2  
  188  18:32  Marauder x2, Marine x2  
  188  18:33  Marine x2  
  198  18:36  Marauder  
  198  18:37  Marine x2  
  198  18:41  Medivac x2  
  189  18:42  Marine x2  
  189  18:44  Marine  
  189  18:47  Command Center  
  194  18:50  Refinery x2  
  176  18:58  Marauder x2, Widow Mine x2, Marine  
  176  18:59  Marine  
  176  19:00  Marine  
  176  19:02  Medivac x2  
  185  19:05  Marine  
  185  19:06  Marine x2  
  185  19:08  Marine x2  
  175  19:15  Marine, Widow Mine x2, Marauder x2, Medivac  
  175  19:16  Marauder  
  187  19:28  Command Center  
  187  19:29  Liberator  
  187  19:30  Liberator  
  182  19:34  Marine  
  161  19:45  Marauder x4  
  151  19:48  Marauder, Marine  
  151  19:51  Marine x4  
  160  19:55  Marine  
  160  19:59  Marine x2  
  160  20:06  Marauder, Marine  
  160  20:07  Marauder x3  
  167  20:08  Marine  
  167  20:09  Marine x2  
  167  20:12  Marine x2  
  167  20:15  Marine  
  167  20:17  Marine  
  167  20:19  Marine  
  170  20:24  Marine  
  171  20:29  Marine x2  
  171  20:30  Marine x3  
  171  20:35  Marine x2  
  166  21:07  Marine x3  
  166  21:08  Marine  
  166  21:10  Viking x2  
  174  21:12  Marauder, Marine x3  
  174  21:16  Marine  
  173  21:22  Planetary Fortress  
  171  21:34  Marine  
  171  21:36  Missile Turret  
  171  21:37  Marine  
  173  21:55  Viking x2  
  177  22:07  Corvid Reactor  
  177  22:08  Raven  
  171  22:15  Marine  
  171  22:16  Marine x3, Marauder  
  171  22:19  Marine x2  
  171  22:22  Marine  
  178  22:31  Viking  
  171  22:53  Marine x3  
  171  22:54  Viking x3  
  171  22:57  Marine x2  
  182  23:00  Marine  
  181  23:16  Viking  
  181  23:17  Viking  
  181  23:24  Viking  
  183  23:30  Medivac x2  
  187  23:40  Orbital Command  
  187  23:46  Medivac  
  189  23:54  Orbital Command  
Tags
 
Add a new tag
Caveats
  • Supply blocks, unpowered buildings, or Contaminate may cause inaccurate times.
  • Supply counts are checked every 10 seconds.